 Dungeon Crawl Stone Soup version 0.24-a0-582-g4d4af81 (webtiles) character file.

Game seed: 10125618219482634030

22 pichaelthompson the Vexing (level 2, 0/15 HPs)
             Began as a Deep Elf Enchanter on Aug 27, 2019.
             Slain by an ice beast (2 damage)
             ... on level 2 of the Dungeon.
             The game lasted 00:02:17 (1202 turns).

pichaelthompson the Vexing (Deep Elf Enchanter)     Turns: 1202, Time: 00:02:18

Health: 0/15       AC:  8    Str:  5    XL:     2   Next: 68%
Magic:  8/8        EV:  9    Int: 19    God:
Gold:   35         SH:  0    Dex: 15    Spells: 6/7 levels left

rFire    . . .     SeeInvis .   a - +1 dagger
rCold    . . .     Gourm    .   (no shield)
rNeg     . . .     Faith    .   e - +0 ring mail
rPois    .         Spirit   .   c - +2 helmet
rElec    .         Reflect  .   (no cloak)
rCorr    .         Harm     .   (no gloves)
MR       .....                  (no boots)
Stlth    ++........             (no amulet)
HPRegen  0.05/turn              (no ring)
MPRegen  0.11/turn              (no ring)

@: no status effects
A: no striking features
a: no special abilities


You were on level 2 of the Dungeon.
You were not hungry.

You visited 1 branch of the dungeon, and saw 2 of its levels.

You collected 35 gold pieces.

Inventory:

Hand Weapons
 a - a +1 dagger (weapon)
Armour
 c - a +2 helmet (worn)
 e - a +0 ring mail (worn)
Scrolls
 f - a scroll of identify {unknown}
 i - a scroll of immolation {unknown}
Potions
 b - a potion of curing {unknown}
 g - a potion of might {unknown}
 j - a potion of haste {unknown}
Comestibles
 d - 2 rations


   Skills:
 + Level 1.0 Short Blades
 * Level 0.9 Armour
 + Level 2.4 Dodging
 + Level 3.8 Stealth
 + Level 3.4 Spellcasting
 + Level 4.4 Hexes


You had 6 spell levels left.
You knew the following spells:

 Your Spells              Type           Power        Failure   Level  Hunger
a - Corona                Hex            ###....      11%         1    None

Your spell library contained the following spells:

 Spells                   Type           Power        Failure   Level  Hunger
 Confuse                  Hex            ###.....     32%         3    ###....
 Tukima's Dance           Hex            ###.....     32%         3    ###....
 Ensorcelled Hibernation  Hex/Ice        ##....       38%         2    ##.....
 Dazzling Spray           Conj/Hex       ##....       63%         3    ###....


Dungeon Overview and Level Annotations

Branches:
Dungeon (2/15)

Altars:


Message History

The jackal bites you but does no damage.
You hit the jackal but do no damage.
The jackal is severely wounded.
The jackal bites you.
* * * LOW HITPOINT WARNING * * *
You hit the jackal.
The jackal is almost dead.
The jackal barely misses you.
You barely miss the jackal.
The jackal is almost dead.
The jackal closely misses you. The jackal barely misses you.
You hit the jackal.
You kill the jackal!
You hit the ice beast.
The ice beast is lightly wounded.
The ice beast hits you but does no damage.
You hit the ice beast but do no damage.
The ice beast is lightly wounded.
The ice beast hits you.
You die...

..# ###..#
#.Y..#
####h#.##
#...K#hh.
#h#.##h....
#K#.....h....
#Y#####......
#@# .....h
#+# ......


You could see an ice beast, a jackal and a kobold.

Vanquished Creatures
  2 dart slugs (D:1)
  A leopard gecko (D:1)
  A bat (D:1)
  A giant cockroach (D:1)
  2 goblins (D:1)
  A hobgoblin (D:1)
  5 jackals
  A rat (D:1)
14 creatures vanquished.

Notes
Turn   | Place    | Note
-------+----------+-------------------------------------------
     0 | D:1      | pichaelthompson the Deep Elf Enchanter began the quest for
                  | the Orb.
     0 | D:1      | Reached XP level 1. HP: 10/10 MP: 6/6
   795 | D:1      | Reached XP level 2. HP: 11/15 MP: 8/8
  1156 | D:2      | Noticed an ice beast
  1202 | D:2      | Slain by an ice beast

Levels and vault maps discovered:
D:1:      onia_arrival_pyramid, layout_loops_ring
D:2:      layout_basic, gammafunk_temple_overflow_elements, first_ration

Action                   || total
-------------------------++-------
Melee: Dagger            ||   114
 Cast: Corona            ||     2
 Stab: Sleeping          ||     2
  Eat: Chunk             ||     1
Armor: Robe              ||     6
       Ring mail         ||    51
Dodge: Dodged            ||    66

Table legend:
 A = Non-vault XP
 B = Vault XP
 C = Vault XP percentage of total XP
 D = Non-vault monster count
 E = Vault monster count
 F = Vault count percentage of total count
                 A         B        C        D         E       F
            +---------+---------+-------+---------+---------+-------
      Total |      32 |       0 |   0.0 |      14 |       0 |   0.0
            +---------+---------+-------+---------+---------+-------
        D:1 |      26 |       0 |   0.0 |      11 |       0 |   0.0
        D:2 |       6 |       0 |   0.0 |       3 |       0 |   0.0
            +---------+---------+-------+---------+---------+-------
